 Dungeon Crawl Stone Soup version 0.19.0-19-g8c6edcc (webtiles) character file.

418314 syranez the Executioner (level 23, -1/223 HPs)
             Began as a Hill Orc Berserker on Nov 7, 2016.
             Was the Champion of Trog.
             Killed from afar by a deep elf annihilator (51 damage)
             ... with a bolt of lightning
             ... on level 3 of the Elven Halls on Nov 12, 2016.
             The game lasted 03:19:44 (57269 turns).

syranez the Executioner (Hill Orc Berserker)       Turns: 57269, Time: 03:19:45

Health: -1/223     AC: 35    Str: 23    XL:     23   Next: 65%
Magic:  0/7        EV:  9    Int: 12    God:    Trog [******]
Gold:   393        SH: 22    Dex: 15    Spells: 0 memorised, 22 levels left

rFire  + . .     SeeInvis .     I - +2 broad axe (antimagic)
rCold  + + +     Gourm    .     f - +0 gold dragon scales
rNeg   + + .     Faith    .     H - +2 large shield
rPois  +         Spirit   +     N - +2 hat
rElec  .         Reflect  .     Y - +1 cloak
rCorr  +         Harm     .     n - +1 pair of gloves
MR     +....                    D - +2 pair of boots {Fly}
Stlth  ..........               F - amulet of Gozag's Envy {Spirit rPois rC++ rN+ Str-4}
                                k - ring "Lusess" {rCorr rN+ Str+4}
                                m - ring "Sezixepa" {Wiz Dex+3 Slay+5}

@: exhausted, flying, slowed, very slow
A: horns 2, repulsion field 1, slimy green scales 1, clever 1, deterioration 1,
weak 1, subdued magic 2, sturdy frame 1
a: Berserk, Trog's Hand, Brothers in Arms, Burn Spellbooks, Renounce Religion,
Stop Flying
}: 2/15 runes: decaying, serpentine


You were on level 3 of the Elven Halls.
You worshipped Trog.
Trog was exalted by your worship.
You were hungry.

You visited 9 branches of the dungeon, and saw 40 of its levels.
You visited the Abyss 1 time.
You visited 1 bazaar.
You also visited: Trove and Volcano.

You collected 4467 gold pieces.
You spent 4074 gold pieces at shops.

Inventory:

Hand Weapons
 p - a +4 executioner's axe of flaming
 t - the +10 war axe "Alyfoilyss" {chop, rElec}
   (You found it on level 4 of the Dungeon)

   It inflicts extra damage upon your enemies.
   It insulates you from electricity.
 v - a +3 vampiric battleaxe
 I - a +2 antimagic broad axe (weapon)
Armour
 f - +0 gold dragon scales (worn)
 n - a +1 pair of gloves (worn)
 o - a +2 helmet of see invisible
 D - a +2 pair of boots of flying (worn)
 H - a +2 large shield (worn)
 N - a +2 hat (worn)
 Y - a +1 cloak (worn)
Jewellery
 a - an uncursed amulet of the gourmand
 h - an uncursed ring of poison resistance
 k - the ring "Lusess" (right hand) {rCorr rN+ Str+4}
   (You found it in a treasure trove)

   [ring of resist corrosion]

   It affects your strength (+4).
   It protects you from negative energy.
 m - the ring "Sezixepa" (left hand) {Wiz Dex+3 Slay+5}
   (You found it on level 4 of the Lair of Beasts)

   [ring of wizardry]

   It improves your spell success rate.
   It affects your dexterity (+3).
   It affects your accuracy and damage with ranged weapons and melee attacks
   (+5).
 C - an uncursed ring of protection from magic
 F - the amulet of Gozag's Envy (around neck) {Spirit rPois rC++ rN+ Str-4}
   (You acquired it on level 1 of the Vaults)

   [amulet of guardian spirit]

   It causes incoming damage to be split between your health and magic.
   It affects your strength (-4).
   It greatly protects you from cold.
   It protects you from poison.
   It protects you from negative energy.
 O - a +4 ring of protection
Wands
 x - a wand of polymorph (7/24)
 y - a wand of teleportation (4/9)
 R - a wand of digging (18/24)
 X - a wand of heal wounds (5/9)
Scrolls
 b - 3 scrolls of magic mapping
 i - 12 scrolls of remove curse
 j - 4 scrolls of fog
 l - 2 scrolls of silence
 q - 2 scrolls of summoning
 r - 6 scrolls of recharging
 s - 9 scrolls of teleportation
 w - a scroll of acquirement
 z - 5 scrolls of blinking
 V - 11 scrolls of fear
Potions
 e - 12 potions of heal wounds
 g - 14 potions of curing
 A - 3 potions of ambrosia
 B - 3 potions of brilliance
 G - a potion of cancellation
 J - 4 potions of haste
 K - a potion of invisibility
 L - 4 potions of lignification
 P - 4 potions of agility
 W - 4 potions of might
Comestibles
 c - 23 bread rations
 d - 8 meat rations
 u - 2 royal jellies
 E - a beef jerky
 M - 10 chunks of flesh
 S - 10 fruits


   Skills:
 + Level 22.1 Fighting
 + Level 25.1 Axes
 + Level 15.8 Throwing
 + Level 18.6 Armour
 + Level 4.8 Dodging
 + Level 3.9 Stealth
 + Level 14.6 Shields


You had 22 spell levels left.
You didn't know any spells.

Dungeon Overview and Level Annotations

Branches:
Dungeon (15/15)            Temple (1/1) D:4            Lair (6/6) D:8
  Swamp (4/4) Lair:4        Snake (4/4) Lair:4        Slime (1/5) Lair:5
    Orc (2/2) D:10            Elf (3/3) Orc:2        Vaults (4/5) D:13
  Crypt (0/3) Vaults:2     Depths (0/5) D:15

Altars:
Ashenzari
Cheibriados
Dithmenos
Elyvilon
Fedhas
Gozag
Hepliaklqana
Kikubaaqudgha
Makhleb
Nemelex Xobeh
Okawaru
Qazlal
Ru
Sif Muna
Trog
Uskayaw
Vehumet
Xom
Yredelemnul
Zin
The Shining One

Shops:
D:4 ?   D:5 (   D:6 (   Orc:1 [   Orc:2 ?!(}   Elf:2 :   Vaults:3 %
Vaults:4 !

Portals:
Pandemonium: Orc:2

Annotations:
Lair:1 exclusion: 2 oklob plants
Elf:2 3 runed doors


Innate Abilities, Weirdness & Mutations

You have a pair of horns on your head.
You are surrounded by a mild repulsion field. (EV +2)
You are partially covered in slimy green scales. (AC +2)
Your mind is acute. (Int +2)
Your body sometimes deteriorates upon taking damage.
You are weak. (Str -2)
Your spells are easier to cast, but less powerful.
Your movements are slightly less encumbered by armour. (ER -2)


Message History

Trog accepts your kill.
Trog appreciates your killing of a magic user.
The deep elf high priest invokes the aid of its god against you.
Something smites you!
A deep elf death mage comes into view. It is wielding a rapier.
The deep elf master archer shoots an arrow.
You block the arrow.
Items here: ( ))) † an arrow; a short sword; a short sword of protection a glowing demon whip {god gift}; an elf corpse You feel a strong urge to attack something.
Items here: ( ))) [[ ÷ You are no longer berserk.
You are exhausted.
You feel yourself slow down.
The deep elf annihilator casts a spell at you.
The bolt of lightning hits you!
* * * LOW HITPOINT WARNING * * *
The bolt of lightning hits you!
You die...

**,,,**#e..#
**,*##(..#*
**##e.e#*
#)))#*
*******#(####
# *,,,,*
#e##.# #
*,****
#)(..## # *,*
####..# # *,*
##@# # *,*
#.# ## *,*
#.# .# *,*
#)# .# *,*
#.# .# #.#
#.# .# ##.##
#.# .###...##
#.#
.##.....##
#.#


You could see a deep elf annihilator.

Vanquished Creatures
  Vashnia (Snake:2)
  Margery (Vaults:3)
  Bai Suzhen (Snake:4)
  Saint Roka (Snake:2)
  A bone dragon (Abyss:2)
  Jorgrun (Snake:2)
  The ghost of Frank the Peltast, an adept FoFi of Okawaru (Vaults:2)
  A hellephant (Abyss:2)
  A lich (Vaults:3)
  Gastronok (Lair:1)
  2 sphinxes
  Frances (Elf:1)
  5 thorn hunters
  An acid blob (Lair:5)
  Roxanne (D:15)
  Kirke (D:14)
  Donald (Swamp:2)
  A tengu reaver (Vaults:4)
  10 nagarajas
  A fire giant (Vaults:4)
  5 deep elf sorcerers
  2 frost giants (Vaults:4)
  9 vault wardens
  Aizul (Snake:1)
  11 ironheart preservers
  3 entropy weavers
  5 stone giants
  5 deep elf demonologists
  2 deep elf annihilators (Elf:3)
  3 ettins
  Snorg (Lair:3)
  2 deep elf death magi (Elf:3)
  4 fire dragons
  6 yaktaur captains
  Josephine (Lair:5)
  A deep elf high priest (Elf:3)
  2 great orbs of eyes
  2 rakshasas
  An ice dragon (Vaults:3)
  11 vault guards
  The ghost of zkyp the Cleaver, a journeyman CeWn (D:10)
  5 ghost crabs
  5 centaur warriors
  33 hydras
  24 naga warriors
  A catoblepas (Lair:5)
  34 anacondas
  10 alligators
  13 ogre magi
  3 death knights
  The ghost of slayr the Slicer, a journeyman KoSu of Ru (D:11)
  15 dancing weapons
  An anaconda (shapeshifter) (D:14)
  2 thrashing horrors (Abyss:2)
  2 deep troll earth magi
  15 naga sharpshooters
  4 orc high priests (Orc:2)
  13 deep elf knights
  5 shock serpents
  A fire crab (Lair:6)
  5 skeletal warriors
  A wretched star (Abyss:2)
  A sun demon (Orc:2)
  5 hell knights (Vaults:3)
  A fire crab (shapeshifter) (Vaults:4)
  2 spriggan druids (Swamp:3)
  A sixfirhy (Orc:2)
  14 naga ritualists
  2 shadow wraiths
  8 deep trolls
  A gelid demonspawn (Orc:2)
  5 unseen horrors
  A glowing orange brain (Vaults:1)
  9 swamp dragons
  15 deep elf archers
  2 infernal demonspawn (Orc:2)
  A glowing orange brain (shapeshifter) (Vaults:4)
  14 ironbrand convokers
  13 orc knights
  4 hill giants
  2 phantasmal warriors
  5 wizards
  2 shambling mangroves
  5 harpies
  An obsidian statue (Vaults:2)
  A necromancer (Vaults:3)
  9 salamanders
  11 orc sorcerers
  A lindwurm (Lair:6)
  56 deep elf magi
  20 mana vipers
  4 wolf spiders
  A manticore (D:14)
  16 ugly things
  A cyclops (Vaults:1)
  10 guardian serpents
  17 naga magi
  58 black mambas
  10 elephants
  3 molten gargoyles (Lair:6)
  8 vault sentinels
  7 gargoyles
  23 spiny frogs
  2 smoke demons
  An efreet (D:15)
  2 demonic crawlers (Elf:2)
  A komodo dragon (shapeshifter) (Vaults:3)
  19 komodo dragons
  2 rime drakes
  5 freezing wraiths
  32 yaktaurs
  4 ice devils
  A troll (shapeshifter) (D:14)
  A red devil (Orc:2)
  27 two-headed ogres
  A meliai (shapeshifter) (Vaults:4)
  7 trolls
  7 hornets
  A polar bear (Lair:4)
  A wind drake (shapeshifter) (D:15)
  Grinder (D:6)
  4 raiju (Abyss:2)
  2 harpy skeletons (Volcano)
  4 tyrant leeches
  4 bog bodies
  26 slime creatures
  A dream sheep (shapeshifter) (Vaults:2)
  A frost giant simulacrum (Vaults:3)
  27 blink frogs
  7 hippogriffs
  6 dream sheep (Lair:4)
  4 alligator skeletons (Volcano)
  3 air elementals
  9 flying skulls
  3 tarantellas
  6 spriggans
  4 redbacks
  3 shadows
  9 wyverns
  32 yaks
  A tarantella (shapeshifter) (D:13)
  5 wraiths
  2 hogs (D:14)
  7 water elementals
  9 fire elementals
  A ynoxinul (Orc:2)
  A golden eye (Abyss:2)
  2 large abominations (Abyss:2)
  5 basilisks
  A steam dragon (Lair:6)
  A hungry ghost (D:15)
  A neqoxec (Abyss:2)
  3 mottled dragons
  15 vampire mosquitoes
  A spatial vortex (Abyss:2)
  3 insubstantial wisps (Swamp:1)
  8 wargs
  A harpy simulacrum (D:15)
  17 swamp worms
  11 porcupines
  A soldier ant (D:11)
  62 nagas
  17 swamp drakes
  14 water moccasins
  Duvessa (D:7)
  7 hell hounds
  46 orc warriors
  5 black bears
  2 sky beasts
  An eye of draining (D:10)
  3 ice beasts
  54 ogres
  6 phantoms
  2 boggarts
  The ghost of tv1990 the Bolt Thrower, an amateur FoAM (D:3)
  17 centaurs
  3 wolves (Lair:6)
  11 crocodiles
  3 big kobolds
  19 bullfrogs
  A gnoll sergeant (D:8)
  A wyvern zombie (D:12)
  Dowan (D:7)
  An earth elemental (Elf:2)
  A glowing shapeshifter simulacrum (Vaults:2)
  2 scorpions
  4 killer bees (D:10)
  A spriggan skeleton (Volcano)
  2 troll skeletons (Volcano)
  4 howler monkeys
  A quasit (D:12)
  2 small abominations
  5 centaur zombies
  5 lava snakes (Lair:6)
  A bullfrog zombie (D:13)
  10 crimson imps
  A human simulacrum (Vaults:3)
  8 jellies
  8 hounds
  5 bullfrog skeletons
  5 centaur skeletons
  32 orc priests
  Crazy Yiuf (D:7)
  32 orc wizards
  7 iguanas
  6 worker ants
  2 naga skeletons (Volcano)
  A hound zombie (D:11)
  3 hound skeletons
  18 adders
  5 gnolls (D:8)
  2 river rats (D:8)
  6 shadow imps
  6 oozes
  A worm (D:2)
  A dart slug (D:4)
  6 leopard geckos
  129 orcs
  13 giant cockroaches
  10 hobgoblins
  4 jackals
  2 quokkas
  3 ball pythons
  21 bats
  6 frilled lizards
  6 goblins
  A jackal skeleton (D:5)
  16 kobolds
  18 rats
  7 briar patches (Swamp:4)
  A crawling corpse (Elf:3)
  7 fungi
  3 plants
1760 creatures vanquished.

Vanquished Creatures (collateral kills)
  Agnes (Snake:3)
  2 nagarajas (Snake:4)
  An ironheart preserver (Vaults:4)
  Azrael (Snake:2)
  5 vault guards
  A naga warrior (Snake:4)
  5 naga sharpshooters
  A salamander mystic (Snake:1)
  A naga ritualist (Snake:4)
  2 deep elf archers
  An ironbrand convoker (Vaults:3)
  2 mana vipers
  A deep elf mage (Vaults:4)
  A cyclops (Vaults:3)
  An orc sorcerer (Orc:1)
  A salamander (Snake:1)
  An ugly thing (Vaults:3)
  A vault sentinel (Vaults:3)
  2 guardian serpents (Snake:4)
  4 naga magi
  A black mamba (Snake:2)
  A troll (Snake:2)
  A hornet (shapeshifter) (Vaults:3)
  A redback (Vaults:4)
  A tarantella (Vaults:4)
  8 nagas
  3 hell hounds (Snake:2)
  An orc warrior (Snake:2)
  An orc wizard (Orc:1)
  2 orc priests
  5 orcs
60 creatures vanquished.

Vanquished Creatures (others)
  A blink frog (Swamp:4)
  3 humans (D:14)
  A warg (Vaults:4)
  An ogre (Vaults:2)
  A worker ant (D:14)
  An orc (Vaults:2)
  22 fungi
  13 plants
43 creatures vanquished.

Grand Total: 1863 creatures vanquished

Notes
Turn   | Place    | Note
-------+----------+-------------------------------------------
     0 | D:1      | syranez the Hill Orc Berserker began the quest for the Orb.
     0 | D:1      | Reached XP level 1. HP: 19/19 MP: 1/1
   313 | D:1      | Reached XP level 2. HP: 17/27 MP: 2/2
   860 | D:1      | Reached ** piety under Trog
  1216 | D:2      | Reached XP level 3. HP: 28/34 MP: 3/3
  2386 | D:2      | Reached XP level 4. HP: 41/41 MP: 4/4
  2778 | D:3      | Noticed tv1990's ghost (amateur FoAM)
  2794 | D:3      | Killed tv1990's ghost
  2794 | D:3      | Reached skill level 5 in Axes
  2794 | D:3      | Reached XP level 5. HP: 47/47 MP: 5/5
  2919 | D:3      | Reached skill level 1 in Stealth
  3044 | D:3      | Reached skill level 5 in Fighting
  3044 | D:3      | Reached skill level 6 in Axes
  3044 | D:3      | Reached XP level 6. HP: 19/56 MP: 6/6
  3343 | D:3      | Reached *** piety under Trog
  3352 | D:3      | Noticed a phantom
  3383 | D:3      | Killed a phantom
  3709 | D:3      | Found a radiant altar of Vehumet.
  3712 | D:3      | Found an iron altar of Okawaru.
  3715 | D:3      | Found a sacrificial altar of Ru.
  4073 | D:4      | Found a shimmering altar of Xom.
  4077 | D:4      | Found an opulent altar of Gozag.
  4080 | D:4      | Found a glowing silver altar of Zin.
  4119 | D:4      | Found a staircase to the Ecumenical Temple.
  4139 | Temple   | Entered the Ecumenical Temple
  4160 | D:4      | Reached skill level 7 in Axes
  4160 | D:4      | Reached XP level 7. HP: 41/61 MP: 7/7
  4313 | D:4      | Upgraded the game from 0.19.0-9-gfd783f2 to 0.19.0-11-g3fc08b3
  4321 | D:4      | Found a basalt altar of Yredelemnul.
  4347 | D:4      | Got a brightly glowing war axe
  4348 | D:4      | Identified the +10 war axe "Alyfoilyss" {chop, rElec} (You found it on level 4 of the Dungeon)
  4762 | D:4      | Found Jejodd's Magic Scroll Shop.
  4765 | D:4      | Bought a scroll of identify for 28 gold pieces
  4765 | D:4      | Bought a scroll of enchant armour for 105 gold pieces
  4765 | D:4      | Bought a scroll of identify for 28 gold pieces
  4787 | D:4      | Reached skill level 8 in Axes
  5417 | D:5      | Entered Level 5 of the Dungeon
  5737 | D:5      | Found Loman's Antique Weapon Shoppe.
  5747 | D:5      | Reached XP level 8. HP: 70/70 MP: 8/8
  6220 | D:5      | Reached skill level 9 in Axes
  6220 | D:5      | Reached skill level 5 in Armour
  6426 | D:5      | Reached **** piety under Trog
  6659 | D:5      | Reached skill level 1 in Throwing
  6810 | D:5      | Reached skill level 10 in Axes
  6982 | D:6      | Found Nyoroarch's Antique Weapon Shop.
  6984 | D:6      | Found an opulent altar of Gozag.
  7051 | D:6      | Reached XP level 9. HP: 75/78 MP: 9/9
  7216 | D:6      | Noticed Grinder
  7275 | D:6      | Paralysed by Grinder for 7 turns
  7296 | D:6      | Killed Grinder
  7296 | D:6      | Reached skill level 11 in Axes
  7788 | D:7      | Found a hide-covered altar of Uskayaw.
  7802 | D:7      | Reached ***** piety under Trog
  8308 | D:7      | Found a runed door.
  8312 | D:7      | Noticed Crazy Yiuf
  8315 | D:7      | Killed Crazy Yiuf
  8386 | D:7      | Noticed Dowan
  8416 | D:7      | Noticed Duvessa
  8427 | D:7      | Killed Duvessa
  8428 | D:7      | Killed Dowan
  9120 | D:8      | Reached skill level 12 in Axes
  9120 | D:8      | Reached XP level 10. HP: 52/88 MP: 10/10
  9394 | D:8      | Received a gift from Trog
  9486 | D:8      | Found a staircase to the Lair.
  9665 | D:8      | Reached skill level 5 in Throwing
  9768 | D:8      | Found a snail-covered altar of Cheibriados.
 10290 | Lair:1   | Entered Level 1 of the Lair of Beasts
 10291 | Lair:1   | Noticed a black mamba
 10299 | Lair:1   | Killed a black mamba
 10494 | Lair:1   | Noticed an oklob plant
 10517 | Lair:1   | Noticed an oklob plant
 10707 | Lair:1   | Noticed Gastronok
 10718 | Lair:1   | Killed Gastronok
 10718 | Lair:1   | Reached skill level 13 in Axes
 10718 | Lair:1   | Reached XP level 11. HP: 75/97 MP: 11/11
 10888 | Lair:1   | Reached skill level 14 in Axes
 11431 | Lair:2   | Received a gift from Trog
 11814 | Lair:2   | Noticed a four-headed hydra
 11898 | Lair:2   | Killed a one-headed hydra
 11898 | Lair:2   | Reached skill level 10 in Fighting
 12269 | Lair:3   | Reached skill level 15 in Axes
 12735 | Lair:3   | Reached XP level 12. HP: 101/107 MP: 12/12
 12915 | Lair:3   | Noticed Snorg
 12925 | Lair:3   | Killed Snorg
 13220 | Lair:3   | Found a bloodstained altar of Trog.
 13468 | Lair:3   | Noticed a four-headed hydra
 13478 | Lair:3   | Killed a one-headed hydra
 13728 | Lair:4   | Noticed a six-headed hydra
 13742 | Lair:3   | Killed a one-headed hydra
 13742 | Lair:3   | Reached skill level 16 in Axes
 13993 | Lair:4   | Reached ****** piety under Trog
 14204 | Lair:4   | Got a shimmering glass ring
 14211 | Lair:4   | Identified the ring "Sezixepa" {Wiz Dex+3 Slay+5} (You found it on level 4 of the Lair of Beasts)
 14317 | Lair:4   | Found a staircase to the Snake Pit.
 14330 | Snake:1  | Entered Level 1 of the Snake Pit
 14446 | Lair:4   | Received a gift from Trog
 14830 | Lair:4   | Found a staircase to the Swamp.
 14838 | Swamp:1  | Entered Level 1 of the Swamp
 14838 | Swamp:1  | Noticed a ghost crab
 14877 | Lair:4   | Reached XP level 13. HP: 86/118 MP: 13/13
 15553 | Lair:5   | Noticed Josephine
 15570 | Lair:5   | Killed Josephine
 15802 | Lair:5   | Reached skill level 10 in Armour
 15816 | Lair:5   | Reached skill level 17 in Axes
 16072 | Lair:5   | Found a staircase to the Slime Pits.
 16271 | Slime:1  | Entered Level 1 of the Pits of Slime
 16271 | Slime:1  | Noticed an acid blob
 16280 | Lair:5   | Killed an acid blob
 16938 | Lair:6   | Entered Level 6 of the Lair of Beasts
 16946 | Lair:6   | Received a gift from Trog
 17640 | Lair:6   | Reached XP level 14. HP: 115/130 MP: 14/14
 18638 | Lair:6   | Received a gift from Trog
 18770 | Lair:6   | Reached skill level 18 in Axes
 19563 | Lair:6   | Found a large runed door.
 19563 | Lair:6   | Found a large runed door.
 20717 | D:9      | Found a bloodstained altar of Trog.
 20906 | D:9      | Found a hazy altar of Hepliaklqana.
 21027 | D:10     | Entered Level 10 of the Dungeon
 21027 | D:10     | Noticed zkyp's ghost (journeyman CeWn)
 21036 | D:10     | Killed zkyp's ghost
 21378 | D:10     | Received a gift from Trog
 21691 | D:10     | Received a gift from Trog
 21697 | D:10     | Found a staircase to the Orcish Mines.
 21822 | Orc:1    | Entered Level 1 of the Orcish Mines
 21932 | Orc:2    | Entered Level 2 of the Orcish Mines
 21940 | Orc:1    | Found Qutusena's Armour Emporium.
 21971 | Orc:1    | Bought a +1 helmet of see invisible for 165 gold pieces
 22327 | Orc:1    | Found a dark tunnel.
 22344 | Volcano  | Entered a volcano
 22411 | Volcano  | Received a gift from Trog
 22580 | Volcano  | Reached skill level 15 in Fighting
 23088 | Orc:2    | Received a gift from Trog
 23244 | Orc:2    | Found a radiant altar of Vehumet.
 23265 | Orc:2    | Found a staircase to the Elven Halls.
 23341 | Orc:2    | Found Onakeaff's Distillery.
 23365 | Orc:2    | Reached XP level 15. HP: 116/141 MP: 15/15
 23804 | Orc:2    | Found Heehoer's Magic Scroll Shop.
 24073 | Orc:2    | Reached skill level 19 in Axes
 24606 | Orc:2    | Paralysed by an orc sorcerer for 2 turns
 24614 | Orc:2    | Received a gift from Trog
 25205 | Orc:2    | Bought a potion of curing for 45 gold pieces
 25205 | Orc:2    | Bought a potion of mutation for 37 gold pieces
 25205 | Orc:2    | Bought 2 potions of heal wounds for 150 gold pieces
 25205 | Orc:2    | Bought a potion of beneficial mutation for 525 gold pieces
 25239 | Orc:2    | Found Bishrim's Antique Weapon Shoppe.
 25239 | Orc:2    | Found Ukoik's Gadget Emporium.
 25246 | Orc:2    | Found a one-way gate leading to the halls of Pandemonium.
 25477 | Orc:2    | Gained mutation: You are somewhat resistant to further mutation. [potion of mutation]
 25477 | Orc:2    | Gained mutation: Your flesh is heat resistant. (rF+) [potion of mutation]
 25477 | Orc:2    | Gained mutation: Your body sometimes deteriorates upon taking damage. [potion of mutation]
 25484 | Orc:2    | Gained mutation: You are partially covered in large bone plates. (SH +4) [potion of mutation]
 25484 | Orc:2    | Gained mutation: Your spells are a little easier to cast, but a little less powerful. [potion of mutation]
 25485 | Orc:2    | Gained mutation: You are frail. (-10% HP) [potion of mutation]
 25537 | Orc:2    | Bought a scroll of identify for 32 gold pieces
 25537 | Orc:2    | Bought a scroll of random uselessness for 16 gold pieces
 25537 | Orc:2    | Bought a scroll of enchant armour for 120 gold pieces
 25537 | Orc:2    | Bought a scroll of blinking for 120 gold pieces
 25537 | Orc:2    | Bought a scroll of fear for 56 gold pieces
 25545 | Orc:2    | Bought a potion of might for 60 gold pieces
 25545 | Orc:2    | Bought a potion of haste for 150 gold pieces
 25619 | Orc:2    | Reached skill level 10 in Throwing
 26359 | D:11     | Noticed slayr's ghost (journeyman KoSu)
 26364 | D:11     | Killed slayr's ghost
 26925 | D:12     | Received a gift from Trog
 26929 | D:12     | Gained mutation: You are clumsy. (Dex -2) [mutagenic meat]
 27080 | D:12     | Lost mutation: Your body sometimes deteriorates upon taking damage. [potion of cure mutation]
 27080 | D:12     | Lost mutation: You are frail. (-10% HP) [potion of cure mutation]
 27080 | D:12     | Lost mutation: You are somewhat resistant to further mutation. [potion of cure mutation]
 27080 | D:12     | Lost mutation: Your flesh is heat resistant. (rF+) [potion of cure mutation]
 27397 | D:12     | Received a gift from Trog
 27612 | D:13     | Found a glowing golden altar of the Shining One.
 27867 | D:13     | Found a gate to the Vaults.
 28026 | D:13     | Reached skill level 1 in Shields
 28057 | D:13     | Gained mutation: Scrolls take you a little longer to read. [mutagenic meat]
 28058 | D:13     | Gained mutation: Your system is resistant to poisons. (rPois) [mutagenic meat]
 28545 | D:14     | Noticed Kirke
 28612 | D:14     | Killed Kirke
 28612 | D:14     | Received a gift from Trog
 28612 | D:14     | Reached skill level 20 in Axes
 28802 | D:14     | Reached XP level 16. HP: 140/151 MP: 16/16
 28806 | D:14     | Gained mutation: You are surrounded by a mild repulsion field. (EV +2) [mutagenic meat]
 28808 | D:14     | Gained mutation: Potions and wands are less effective at restoring your health. [mutagenic meat]
 28836 | D:14     | Lost mutation: Scrolls take you a little longer to read. [mutagenic meat]
 29158 | D:15     | Entered Level 15 of the Dungeon
 29629 | D:15     | Noticed Roxanne
 29656 | D:15     | Killed Roxanne
 29727 | D:15     | Found a blossoming altar of Fedhas.
 29754 | D:15     | Gained mutation: You have sharp fingernails. [mutagenic meat]
 29755 | D:15     | Gained mutation: Your body sometimes deteriorates upon taking damage. [mutagenic meat]
 29756 | D:15     | Lost mutation: Potions and wands are less effective at restoring your health. [mutagenic meat]
 29757 | D:15     | Gained mutation: Your flesh is heat resistant. (rF+) [mutagenic meat]
 29986 | D:15     | Received a gift from Trog
 30239 | D:15     | Found a staircase to the Depths.
 30584 | D:8      | Received a gift from Trog
 31146 | Swamp:1  | Noticed a thorn hunter
 31163 | Swamp:1  | Killed a thorn hunter
 31680 | Swamp:1  | Gained mutation: You have large cloven feet. [potion of mutation]
 31680 | Swamp:1  | Gained mutation: You have a pair of small horns on your head. [potion of mutation]
 31680 | Swamp:1  | Gained mutation: You tend to lose your temper in combat. [potion of mutation]
 32221 | Swamp:2  | Noticed Donald
 32231 | Swamp:2  | Killed Donald
 32234 | Swamp:2  | Received a gift from Trog
 33218 | Swamp:3  | Paralysed by a hornet for 2 turns
 33323 | Swamp:3  | Reached XP level 17. HP: 160/161 MP: 17/17
 33361 | Swamp:3  | Identified a scroll of acquirement
 33364 | Swamp:3  | Reached skill level 21 in Axes
 33364 | Swamp:3  | Reached XP level 18. HP: 169/169 MP: 18/18
 33845 | Swamp:3  | Received a gift from Trog
 34053 | Swamp:4  | Entered Level 4 of the Swamp
 34622 | Swamp:4  | Reached skill level 5 in Shields
 34684 | Swamp:4  | Reached skill level 15 in Armour
 34777 | Swamp:4  | Received a gift from Trog
 35631 | Swamp:4  | Got a decaying rune of Zot
 35728 | Swamp:4  | Reached skill level 22 in Axes
 36488 | Snake:1  | Received a gift from Trog
 36767 | Snake:1  | Noticed Aizul
 36776 | Snake:1  | Killed Aizul
 37512 | Snake:2  | Received a gift from Trog
 37526 | Snake:2  | Reached XP level 19. HP: 147/180 MP: 19/19
 37637 | Snake:2  | Noticed Azrael
 37644 | Snake:2  | Killed Azrael
 37650 | Snake:2  | Received a gift from Trog
 37758 | Snake:2  | Noticed Saint Roka
 37769 | Snake:2  | Killed Saint Roka
 37881 | Snake:2  | Noticed Jorgrun
 37894 | Snake:2  | Killed Jorgrun
 37970 | Snake:2  | Noticed Vashnia
 38401 | Snake:2  | Killed Vashnia
 39367 | Snake:2  | Lost mutation: You are partially covered in large bone plates. (SH +4) [mutagenic meat]
 39368 | Snake:2  | Gained mutation: You are occasionally teleported next to monsters. [mutagenic meat]
 39625 | Snake:2  | Upgraded the game from 0.19.0-11-g3fc08b3 to 0.19.0-16-g73b5abf
 39888 | Snake:3  | Noticed Agnes
 40030 | Snake:3  | Killed Agnes
 40191 | Snake:3  | Received a gift from Trog
 40480 | Snake:3  | Received a gift from Trog
 41002 | Snake:3  | Gained mutation: You are covered in fur. (AC +1) [mutagenic meat]
 42036 | Vaults:1 | Entered Level 1 of the Vaults
 42108 | Vaults:1 | Reached XP level 20. HP: 151/191 MP: 20/20
 42114 | Vaults:1 | Lost mutation: Your spells are a little easier to cast, but a little less powerful. [mutagenic meat]
 42116 | Vaults:1 | Gained mutation: Your muscles are strong. (Str +2) [mutagenic meat]
 42232 | Vaults:1 | Reached skill level 23 in Axes
 42337 | Vaults:1 | Received a gift from Trog
 42347 | Vaults:1 | Got a smoking golden amulet
 42349 | Vaults:1 | Identified the amulet of Gozag's Envy {Spirit rPois rC++ rN+ Str-4} (You acquired it on level 1 of the Vaults)
 43915 | Vaults:1 | Found a burning altar of Makhleb.
 44137 | Vaults:1 | Upgraded the game from 0.19.0-16-g73b5abf to 0.19.0-17-g07987d3
 44268 | Vaults:2 | Noticed Frank's ghost (adept FoFi)
 44290 | Vaults:2 | Killed Frank's ghost
 44612 | Vaults:2 | Received a gift from Trog
 44944 | Vaults:2 | Found a portal to a secret trove of treasure.
 45140 | Vaults:2 | Received a gift from Trog
 45243 | Vaults:2 | Received a gift from Trog
 45423 | Vaults:2 | Received a gift from Trog
 45640 | Vaults:2 | Found a staircase to the Crypt.
 46166 | D:6      | Bought the +8 autumn katana {slice, Clar} for 1305 gold pieces
 46473 | Vaults:2 | Lost mutation: Your body sometimes deteriorates upon taking damage. [mutagenic meat]
 46522 | Vaults:2 | You paid a toll of the autumn katana to enter a treasure trove
 46523 | Trove    | Entered a treasure trove
 46562 | Trove    | Got a flickering amber ring
 46612 | Trove    | Got a dazzling hand crossbow
 46643 | Vaults:2 | Identified the +6 hand crossbow of the Shark {flame, +Inv rElec Int-3} (You found it in a treasure trove)
 46652 | Vaults:2 | Identified the ring "Lusess" {rCorr rN+ Str+4} (You found it in a treasure trove)
 46661 | Vaults:2 | Lost mutation: Your system is resistant to poisons. (rPois) [potion of cure mutation]
 46661 | Vaults:2 | Lost mutation: You tend to lose your temper in combat. [potion of cure mutation]
 46661 | Vaults:2 | Lost mutation: You are clumsy. (Dex -2) [potion of cure mutation]
 46662 | Vaults:2 | Lost mutation: You have large cloven feet. [potion of cure mutation]
 46662 | Vaults:2 | Lost mutation: You are occasionally teleported next to monsters. [potion of cure mutation]
 46662 | Vaults:2 | Lost mutation: Your muscles are strong. (Str +2) [potion of cure mutation]
 46662 | Vaults:2 | Lost mutation: You have a pair of small horns on your head. [potion of cure mutation]
 46662 | Vaults:2 | Lost mutation: You have sharp fingernails. [potion of cure mutation]
 46662 | Vaults:2 | Lost mutation: Your flesh is heat resistant. (rF+) [potion of cure mutation]
 47029 | Vaults:3 | Found Xeiso's Food Shoppe.
 47053 | Vaults:3 | Received a gift from Trog
 47276 | Vaults:3 | Received a gift from Trog
 47276 | Vaults:3 | Reached XP level 21. HP: 155/201 MP: 15/21
 47280 | Vaults:3 | Noticed Margery
 47287 | Vaults:3 | Killed Margery
 47910 | Vaults:3 | Reached skill level 10 in Shields
 47923 | Vaults:3 | Received a gift from Trog
 48320 | Vaults:3 | Gained mutation: Armour fits poorly on your strangely shaped body. [mutagenic meat]
 48322 | Vaults:3 | Gained mutation: You occasionally shout uncontrollably at your foes. [mutagenic meat]
 48419 | Vaults:3 | Gained mutation: You are partially covered in slimy green scales. (AC +2) [mutagenic meat]
 48420 | Vaults:3 | Lost mutation: You occasionally shout uncontrollably at your foes. [mutagenic meat]
 48421 | Vaults:3 | Gained mutation: You are frail. (-10% HP) [mutagenic meat]
 48422 | Vaults:3 | Gained mutation: You are clumsy. (Dex -2) [mutagenic meat]
 48492 | Vaults:3 | Received a gift from Trog
 48747 | Vaults:3 | Gained mutation: Your muscles are strong. (Str +2) [potion of mutation]
 48747 | Vaults:3 | Lost mutation: You are clumsy. (Dex -2) [potion of mutation]
 49011 | Vaults:3 | Upgraded the game from 0.19.0-17-g07987d3 to 0.19.0-18-g426998a
 49280 | Vaults:4 | Reached skill level 24 in Axes
 49530 | Vaults:4 | Received a gift from Trog
 49753 | Vaults:4 | Received a gift from Trog
 49859 | Vaults:4 | Found Zaemoc's Distillery.
 49903 | Vaults:4 | Bought a potion of cure mutation for 350 gold pieces
 49903 | Vaults:4 | Bought a potion of mutation for 35 gold pieces
 49905 | Vaults:4 | Lost mutation: You are frail. (-10% HP) [potion of mutation]
 49905 | Vaults:4 | Gained mutation: You are clumsy. (Dex -2) [potion of mutation]
 49905 | Vaults:4 | Gained mutation: You expend magic power (3 MP) to strengthen your wands. [potion of mutation]
 49974 | Vaults:4 | Reached XP level 22. HP: 161/213 MP: 16/22
 50139 | Vaults:4 | Gained mutation: Your body sometimes deteriorates upon taking damage. [potion of mutation]
 50139 | Vaults:4 | Gained mutation: Your movements are slightly less encumbered by armour. (ER -2) [potion of mutation]
 50723 | Vaults:4 | Gained mutation: Your spells are a little easier to cast, but a little less powerful. [mutagenic meat]
 50725 | Vaults:4 | Lost mutation: You are clumsy. (Dex -2) [mutagenic meat]
 50726 | Vaults:4 | Lost mutation: Your muscles are strong. (Str +2) [mutagenic meat]
 50842 | Vaults:4 | Lost mutation: You are covered in fur. (AC +1) [potion of cure mutation]
 50842 | Vaults:4 | Lost mutation: Armour fits poorly on your strangely shaped body. [potion of cure mutation]
 50842 | Vaults:4 | Lost mutation: You expend magic power (3 MP) to strengthen your wands. [potion of cure mutation]
 50842 | Vaults:4 | Lost mutation: You are partially covered in slimy green scales. (AC +2) [potion of cure mutation]
 50843 | Vaults:4 | Bought a potion of beneficial mutation for 490 gold pieces
 50843 | Vaults:4 | Gained mutation: Your mind is acute. (Int +2) [potion of beneficial mutation]
 50848 | Vaults:4 | Bought a potion of heal wounds for 70 gold pieces
 50848 | Vaults:4 | Bought a potion of heal wounds for 70 gold pieces
 50848 | Vaults:4 | Bought a potion of curing for 42 gold pieces
 50848 | Vaults:4 | Bought a potion of curing for 42 gold pieces
 51449 | Snake:4  | Entered Level 4 of the Snake Pit
 51518 | Snake:4  | Received a gift from Trog
 51725 | Snake:4  | Noticed Bai Suzhen
 51735 | Snake:4  | Killed Bai Suzhen
 51740 | Snake:4  | Found a flickering gateway to a bazaar.
 51827 | Bazaar   | Entered a bazaar
 51956 | Bazaar   | Found Tenum's Antique Weapon Boutique.
 51974 | Bazaar   | Found Reriuto's Distillery.
 51991 | Bazaar   | Found Ycackov's Distillery.
 52008 | Bazaar   | Found Pimeamp's Antique Weapon Shoppe.
 52081 | Bazaar   | Bought a potion of curing for 33 gold pieces
 52965 | Snake:4  | Reached skill level 15 in Throwing
 53102 | Snake:4  | Received a gift from Trog
 53514 | Snake:4  | Received a gift from Trog
 53541 | Snake:4  | Gained mutation: You have a pair of small horns on your head. [mutagenic meat]
 53542 | Snake:4  | Gained mutation: You are partially covered in slimy green scales. (AC +2) [mutagenic meat]
 53565 | Snake:4  | Gained mutation: You have a pair of horns on your head. [mutagenic meat]
 53566 | Snake:4  | Gained mutation: You are weak. (Str -2) [mutagenic meat]
 53994 | Snake:4  | Got a serpentine rune of Zot
 54024 | Snake:4  | Upgraded the game from 0.19.0-18-g426998a to 0.19.0-19-g8c6edcc
 54467 | Elf:1    | Entered Level 1 of the Elven Halls
 54480 | Elf:1    | Noticed Frances
 54490 | Elf:1    | Killed Frances
 54490 | Elf:1    | Reached XP level 23. HP: 222/222 MP: 7/23
 54627 | Elf:1    | Received a gift from Trog
 55036 | Elf:1    | Received a gift from Trog
 55409 | Elf:2    | Received a gift from Trog
 55564 | Elf:2    | Found Ymeydiewk's Book Emporium.
 55683 | Elf:2    | Found a runed gate.
 55683 | Elf:2    | Found a runed gate.
 55683 | Elf:2    | Found a runed gate.
 55810 | Elf:2    | Got an encrusted war axe
 55811 | Elf:2    | Identified the +9 war axe of Tender Mercy {elec, rElec} (You found it on level 2 of the Elven Halls)
 56012 | Elf:3    | Entered Level 3 of the Elven Halls
 56872 | Elf:3    | Cast into level 2 of the Abyss (a deep elf demonologist)
 56991 | Abyss:2  | Received a gift from Trog
 57022 | Abyss:2  | Reached skill level 25 in Axes
 57234 | Elf:3    | Escaped the Abyss
 57242 | Elf:3    | Received a gift from Trog
 57247 | Elf:3    | Gained mutation: Your spells are easier to cast, but less powerful. [a neqoxec]
 57269 | Elf:3    | Killed from afar by a deep elf annihilator

Skill      XL: |  1  2  3  4  5  6  7  8  9 10 11 12 13 14 15 16 17 18 19 20 21 22 23 |
---------------+----------------------------------------------------------------------+-----
Fighting       | 4 5 6 7 9 10 12 13 15 16 17 18 19 20 21 22 | 22.1
Dodging        | 2 3 4 |  4.8
Axes           | 5 6 7 8 10 12 13 15 16 17 18 20 21 22 23 24 25 | 25.1
Stealth        | 1 2 3 |  3.9
Armour         | 3 4 5 6 7 9 11 12 13 14 15 16 17 18 | 18.6
Throwing       | 1 4 5 7 8 9 10 11 12 13 14 15 | 15.8
Shields        | 2 4 5 6 9 11 13 14 | 14.6

Action                   |  1- 3 |  4- 6 |  7- 9 | 10-12 | 13-15 | 16-18 | 19-21 | 22-24 || total
-------------------------+-------+-------+-------+-------+-------+-------+-------+-------++-------
Melee: Hand axe          |   124 |   181 |       |    17 |    39 |       |       |       ||   361
       War axe           |       |       |   229 |   322 |   725 |   130 |  1081 |   308 ||  2795
       Battleaxe         |       |       |       |       |   255 |   449 |       |       ||   704
       Headbutt          |       |       |       |       |       |   101 |   166 |   111 ||   378
       Broad axe         |       |       |       |       |       |       |       |   351 ||   351
Throw: Tomahawk          |       |       |    89 |    91 |    99 |   136 |    45 |       ||   460
       Javelin           |       |       |       |       |    29 |    69 |   301 |   269 ||   668
Invok: Berserk           |       |     4 |     5 |     4 |     7 |     4 |     6 |     4 ||    34
       Burn Spellbooks   |       |       |     2 |     2 |     5 |     3 |       |     2 ||    14
       Brothers in Arms  |       |       |       |       |     2 |     1 |    10 |     4 ||    17
       Trog's Hand       |       |       |       |       |       |     1 |       |       ||     1
  Use: Scroll            |       |       |       |    15 |     9 |    11 |     5 |     7 ||    47
       Potion            |       |       |       |       |     7 |     3 |     5 |     3 ||    18
 Stab: Distracted        |     1 |       |     1 |       |       |     1 |       |     1 ||     4
       Sleeping          |       |       |     3 |       |       |       |       |       ||     3
  Eat: Chunk             |     5 |     7 |    22 |    18 |    28 |    21 |    53 |    25 ||   179
       Royal jelly       |       |       |       |     2 |       |       |     1 |       ||     3
       Beef jerky        |       |       |       |       |     1 |     5 |     1 |       ||     7
       Bread ration      |       |       |       |       |     1 |       |     1 |       ||     2
       Meat ration       |       |       |       |       |     5 |     1 |     2 |     2 ||    10
       Fruit             |       |       |       |       |     1 |     2 |     1 |     1 ||     5
       Pizza             |       |       |       |       |       |     3 |       |     1 ||     4
Armor: Animal skin       |    19 |     7 |       |       |       |       |       |       ||    26
       Scale mail        |       |    53 |    12 |       |       |       |       |       ||    65
       Leather armour    |       |       |    27 |    29 |       |       |       |       ||    56
       Plate armour      |       |       |       |   113 |   528 |   363 |       |       ||  1004
       Gold dragon scale |       |       |       |       |       |    16 |   495 |   221 ||   732
Dodge: Dodged            |    68 |   114 |   103 |   123 |   293 |   261 |   155 |   107 ||  1224
Block: Shield            |       |       |       |       |    73 |    56 |       |       ||   129
       Other             |       |       |       |       |    20 |    66 |    11 |       ||    97
       Large shield      |       |       |       |       |       |       |   661 |   605 ||  1266
